 Dungeon Crawl Stone Soup version 0.22-a0-136-g83a10e5 (webtiles) character file.

47 Kavrick the Skirmisher (level 3, 0/29 HPs)
             Began as a Demonspawn Fighter on Feb 2, 2018.
             Killed by nerve-wracking pain
             ... invoked by Grinder
              (12 damage)
             ... on level 3 of the Dungeon.
             The game lasted 00:02:28 (1158 turns).

Kavrick the Skirmisher (Demonspawn Fighter)         Turns: 1158, Time: 00:02:29

Health: 0/29       AC: 10    Str: 17    XL:     3   Next: 48%
Magic:  0/3        EV:  7    Int:  9    God:
Gold:   93         SH:  9    Dex: 12    Spells: 2/2 levels left

rFire    . . .     SeeInvis .   a - +0 long sword
rCold    . . .     Gourm    .   c - +0 shield
rNeg     . . .     Faith    .   b - +0 scale mail
rPois    .         Spirit   +   (no helmet)
rElec    .         Reflect  .   (no cloak)
rCorr    .         Harm     .   n - +1 pair of gloves
MR       .....                  (no boots)
Stlth    ..........             (no amulet)
HPRegen  0.09/turn              (no ring)
MPRegen  0.08/turn              (no ring)

@: no status effects
A: molten scales 1, magic shield
a: no special abilities


You were on level 3 of the Dungeon.
You were not hungry.

You visited 1 branch of the dungeon, and saw 3 of its levels.

You collected 93 gold pieces.

Inventory:

Hand Weapons
 a - a +0 long sword (weapon)
Armour
 b - a +0 scale mail (worn)
 c - a +0 shield (worn)
 n - a +1 pair of gloves (worn)
Scrolls
 e - 2 scrolls of immolation {unknown}
 h - a scroll of enchant weapon {unknown}
 j - a scroll of fog {unknown}
 k - a scroll of amnesia {unknown}
 l - 2 scrolls of identify {unknown}
Potions
 d - a potion of might
 i - 4 potions of lignification {unknown}
 m - a potion of berserk rage {unknown}
 o - a potion of haste {unknown}
 p - a potion of mutation {unknown}
 q - a potion of magic {unknown}
Comestibles
 f - 6 rations
 g - 3 chunks of flesh


   Skills:
 + Level 3.4 Fighting
 * Level 2.4 Long Blades
 + Level 3.1 Armour
 + Level 3.1 Shields


You had 2 spell levels left.
You didn't know any spells.

Dungeon Overview and Level Annotations

Branches:
Dungeon (2/15)

Altars:

Annotations:
D:3 Grinder


Innate Abilities, Weirdness & Mutations

You are partially covered in molten scales. (AC +2)
When hurt, damage is shared between your health and your magic reserves.


Message History

You block the kobold's attack. x2
You barely miss the kobold. You block the kobold's attack.
You barely miss the kobold. The kobold hits you but does no damage.
The kobold barely misses you.
You slash the kobold!
You kill the kobold!
You slash Grinder!
Grinder is heavily wounded.
Grinder gestures at you. Pain shoots through your body!
You are too injured to fight recklessly!
You closely miss Grinder.
Grinder is heavily wounded.
You block Grinder's attack.
You hit Grinder but do no damage.
Grinder is heavily wounded.
Grinder hits you but does no damage. Grinder gestures at you.
Pain shoots through your body!
You die...

.......#
.......#
#.....#
##.....##
#.......#
#....(..#
##.......#
#@......#
#..5(##...##
#......######
#.##.### ..
#. #. . .


You could see Grinder.

Vanquished Creatures
  An adder (D:2)
  A worm (D:2)
  A dart slug (D:1)
  A giant cockroach (D:1)
  2 goblins
  5 hobgoblins (D:1)
  2 jackals (D:1)
  10 bats (D:1)
  3 frilled lizards
  4 kobolds
  5 rats
35 creatures vanquished.

Notes
Turn   | Place    | Note
-------+----------+-------------------------------------------
     0 | D:1      | Kavrick the Demonspawn Fighter began the quest for the Orb.
     0 | D:1      | Reached XP level 1. HP: 18/18 MP: 1/1
    95 | D:1      | Gained mutation: When hurt, damage is shared between your health and your magic reserves. [demonic ancestry]
    95 | D:1      | Reached XP level 2. HP: 24/24 MP: 2/2
   745 | D:1      | Gained mutation: You are partially covered in molten scales. (AC +2) [demonic ancestry]
   745 | D:1      | Reached XP level 3. HP: 28/29 MP: 3/3
  1138 | D:2      | You fall through a shaft!
  1139 | D:3      | Noticed Grinder
  1158 | D:3      | Killed from afar by Grinder

Vault maps used:
D:1:      minmay_arrival_three_doors, minmay_pentomino_w2
D:2:      roderic_lattice_a, uniq_crazy_yiuf_cottage
D:3:      first_ration, uniq_grinder

Skill      XL: |  1  2 |
---------------+-------+-----
Long Blades    | 2 |  2.4
Shields        | 3 |  3.1
Armour         | 3 |  3.1
Fighting       | |  3.4

Action                   || total
-------------------------++-------
Melee: Long sword        ||   127
  Eat: Chunk             ||     1
Armor: Scale mail        ||    65
Dodge: Dodged            ||    25
Block: Shield            ||    77
       Rpst.: Long sword ||     6

Table legend:
 A = Spawn XP
 B = Non-spawn XP
 C = Spawn XP percentage of total XP
 D = Spawn monster count
 E = Non-spawn monster count
 F = Spawn count percentage of total count
 G = Total turns spent on level
                    A         B        C        D         E        F      G
               +---------+---------+-------+---------+---------+-------+---------
         Total |       0 |      68 |   0.0 |       0 |      35 |   0.0 |  1158
               +---------+---------+-------+---------+---------+-------+---------
           D:1 |       0 |      43 |   0.0 |       0 |      26 |   0.0 |   837
           D:2 |       0 |      23 |   0.0 |       0 |       7 |   0.0 |   301
           D:3 |       0 |       2 |   0.0 |       0 |       2 |   0.0 |    20
               +---------+---------+-------+---------+---------+-------+---------
